 Dungeon Crawl Stone Soup version 0.32-a0-986-ga09f62fbf4 (webtiles) character file.

Game seed: 958065850257970749

17890 LadyBoffin the Fighter (level 12, -5/72 HPs)
             Began as a Gargoyle Hunter on Apr 21, 2024.
             Was a High Priest of Hepliaklqana.
             Slain by a minotaur
             ... wielding a +0 bardiche
              (14 damage)
             ... in a Gauntlet.
             The game lasted 00:51:13 (11493 turns).

LadyBoffin the Fighter (Gargoyle Hunter)           Turns: 11493, Time: 00:51:13

Health: -5/72      AC: 16    Str: 15    XL:     12   Next: 52%
Magic:  13/17      EV: 20    Int: 11    God:    Hepliaklqana [*****.]
Gold:   431        SH:  0    Dex: 17    Spells: 11/11 levels left

rFire   . . .        o - +3 arbalest (flame)
rCold   . . .        (shield currently unavailable)
rNeg    + . .        M - +0 acid dragon scales
rPois   ∞            (no helmet)
rElec   +            Q - scarf of Ignis's Condemnation {+Inv, SInv}
rCorr   +            N - +0 pair of gloves
SInv    +            I - +0 pair of boots
Will    .....        (no amulet)
Stlth   ++           e - +5 ring of evasion
HPRegen 0.32/turn    E - +4 ring of slaying
MPRegen 0.15/turn

%: no teleportation
@: no status effects
A: reduced essence, sickness immunity, AC +8, negative energy resistance 1,
electricity resistance, torment resistance 1, petrification resistance
a: Renounce Religion, Evoke Invisibility, Recall Ancestor, Ancestor Identity,
Transference, Idealise


You were in a Gauntlet.
You worshipped Hepliaklqana.
Hepliaklqana was extremely pleased with you.
You visited 2 branches of the dungeon, and saw 13 of its levels.
You also visited: Gauntlet.

You collected 777 gold pieces.
You spent 346 gold pieces at shops.

Inventory:

Hand Weapons
 a - a +0 shortbow
 o - a +3 arbalest of flaming (weapon)
Missiles
 u - 4 throwing nets
Armour
 c - a +1 leather armour
 D - +0 steam dragon scales
 I - a +0 pair of boots (worn)
 M - +0 acid dragon scales (worn)
 N - a +0 pair of gloves (worn)
 Q - the scarf of Ignis's Condemnation (worn) {+Inv, SInv}
   (You found it in a Gauntlet)

   SInv:      It lets you see invisible.
Jewellery
 e - a +5 ring of evasion (left hand)
 i - the ring of Vimiecli {Str+3 Int+6}
   (You found it in a Gauntlet)

   [ring of intelligence]

   Str+3:     It affects your strength (+3).
   Int+6:     It affects your intelligence (+6).
 m - a ring of ice
 E - a +4 ring of slaying (right hand)
 H - a ring of protection from fire
 O - an amulet of the acrobat
 R - the ring "Ymnoc" {Ice rCorr Str+4 Int+3}
   (You found it in a Gauntlet)

   [ring of ice]

   Ice:       It enhances your ice magic.
   Str+4:     It affects your strength (+4).
   Int+3:     It affects your intelligence (+3).
   rF-:       It makes you vulnerable to fire.
   rC+:       It protects you from cold.
   rCorr:     It protects you from acid and corrosion.
Wands
 l - a wand of flame (38)
 q - a wand of charming (15)
 t - a wand of light (7)
 G - a wand of mindburst (4)
 J - a wand of warping (5)
 K - a wand of digging (7)
Scrolls
 b - a scroll of butterflies
 k - 3 scrolls of immolation
 n - 4 scrolls of fear
 r - 3 scrolls of vulnerability
 w - 4 scrolls of amnesia
 x - 3 scrolls of teleportation
 y - 2 scrolls of poison
 z - a scroll of fog
 P - a scroll of blinking
Potions
 f - 4 potions of attraction
 g - 2 potions of curing
 h - a potion of cancellation
 j - 3 potions of mutation
 p - a potion of haste
 s - 2 potions of enlightenment
 v - 2 potions of might
 A - a potion of lignification {unknown}
 B - a potion of ambrosia
 C - a potion of berserk rage {unknown}
 F - a potion of brilliance


   Skills:
 + Level 12.2 Fighting
 + Level 11.7 Ranged Weapons
 + Level 9.4 Dodging
 - Level 3.4 Stealth
 + Level 7.4 Invocations


You had 11 spell levels left.
You didn't know any spells.
Your spell library contained the following spells:

 Spells                   Type           Power      Damage    Failure   Level
 Magic Dart               Conj           0%         1d3       45%         1
 Blink                    Tloc           0%         N/A       58%         2
 Call Imp                 Summ           0%         N/A       58%         2
 Dazzling Flash           Conj/Hex       0%         N/A       83%         3
 Mephitic Cloud           Conj/Alch/Air  0%         N/A       83%         3
 Tukima's Dance           Hex            0%         N/A       83%         3
 Dimensional Bullseye     Hex/Tloc       0%         N/A       99%         4
 Iskenderun's Mystic Bla Conj/Tloc 0%             2d3        (+2d1     99%         4
 Passage of Golubria      Tloc           0%         N/A       99%         4
 Irradiate                Conj/Alch      0%         3d11      100%        5
 Silence                  Hex/Air        0%         N/A       100%        5
 Yara's Violent Unravell  Hex/Alch       0%         3d3       100%        5
 Chain Lightning          Conj/Air       0%         N/A       100%        9


Dungeon Overview and Level Annotations

Branches:
Dungeon (12/15)            Temple (1/1) D:4            Lair (0/5) D:8
    Orc (0/2) D:9         Gauntlet (1/1)

Altars:
Ashenzari
Cheibriados
Dithmenos
Elyvilon
Fedhas
Gozag
Hepliaklqana
Kikubaaqudgha
Makhleb
Nemelex Xobeh
Okawaru
Qazlal
Ru
Sif Muna
Trog
Uskayaw
Vehumet
Wu Jian
Xom
Yredelemnul
Zin
The Shining One

Shops:
D:1 (   D:5 ?   D:6 *   D:8 !

Annotations:
D:4 3 runed translucent doors, terelglass's ghost, amateur DrSh
D:7 Prince Ribbit
D:9 4 runed translucent doors Gauntlet 4 transporters, 1 runed translucent door


Innate Abilities, Weirdness & Mutations

Your life essence is reduced to manifest your ancestor. (-10% HP)
You are immune to sickness and miasma.
Your stone body is resilient. (AC +8)
You are immune to poison.
You resist negative energy. (rN+)
You are resistant to electric shocks. (rElec)
You are resistant to unholy torment.
You are immune to petrification.


Message History

The minotaur hits you from afar with a +0 bardiche!
* * * LOW HITPOINT WARNING * * *
You don't know any spells.
Okay, then.
Okay, then.
Fire: o) +3 arbalest (flame)
Press: ? - help, Q - select action, (/) - cycle Shift-Dir - straight line, f - minotaur
Aim: a minotaur, wielding a +0 bardiche, wearing a +0 plate armour and quivering silver javelins (82% to hit)
You shoot a bolt. Retniw avoids your attack.
The bolt hits the minotaur but does no damage.
The minotaur completely misses you.
Retniw hits the minotaur with a +0 quarterstaff!!
The minotaur completely misses you.
Fire: o) +3 arbalest (flame)
Press: ? - help, Q - select action, (/) - cycle Shift-Dir - straight line, f/p - minotaur
Aim: a minotaur, wielding a +0 bardiche, wearing a +0 plate armour and quivering silver javelins (moderately wounded, ally target, 82% to hit)
You shoot a bolt. Retniw avoids your attack.
The bolt hits the minotaur!!
The bolt burns the minotaur.
The minotaur is heavily wounded.
Retniw hits the minotaur with a +0 quarterstaff!
The minotaur throws a silver javelin.
The silver javelin barely misses Retniw.
The silver javelin pierces through you!
* * * LOW HITPOINT WARNING * * *
x2 Retniw barely misses the minotaur.
You feel better.
The minotaur throws a silver javelin.
The silver javelin pierces through Retniw!!
The silver javelin pierces through you.
* * * LOW HITPOINT WARNING * * *
x2 Retniw barely misses the minotaur.
The minotaur furiously retaliates!
The minotaur headbutts Retniw.
Fire: o) +3 arbalest (flame)
Press: ? - help, Q - select action, (/) - cycle Shift-Dir - straight line, f/p - minotaur
Aim: a minotaur, wielding a +0 bardiche, wearing a +0 plate armour and quivering silver javelins (severely wounded, ally target, 82% to hit)
You shoot a bolt. Retniw avoids your attack.
The bolt hits the minotaur but does no damage.
The minotaur is severely wounded.
The minotaur hits you from afar with a +0 bardiche!
You die...
Hepliaklqana delivers you to your ancestors.

###+ #...##.©.#...#)#####.#.##
#..⌠.##.#.##.ß.#.ß.#.'...+.#.≈#
'⌠....'.#....©.#.∩.#.#.©.#.#.≈≈
#.#.##.ß.#.ß.#.#≈≈≈#.#.≈#
#...##.©.#...#.#####.#.##
#.#.##.ß.#...#.(.©...#.≈#
#.#....H.#.ß.#########.≈≈
#.#.##.ßR#.⌠.#ß..©#....≈#
#...##..@#.ß.#©...#.ß..##
######...#...#ß..©#....≈#
#≈≈≈#...#########.≈≈
##≈###..#...###.#.≈# ###
##.#.#...#.#.##
##≈.#.###...#.≈#
#≈≈.#.#.©.#.#.≈≈
##≈.#...###.#.≈#
##.#.#...#.#.##


You could see the friendly Retniw the battlemage (idealised) and a minotaur
(ally target).

Vanquished Creatures
  Josephine (D:12)
  2 two-headed ogres
  2 boulder beetles
  Nergalle (D:11)
  2 cyclopes (D:11)
  An apocalypse crab (Gauntlet)
  Maggie (D:6)
  Psyche (D:8)
  2 trolls
  2 centaur simulacra (Gauntlet)
  7 yaks
  3 wraiths
  3 slime creatures (D:12)
  2 wyverns
  A basilisk (D:12)
  A steam dragon (D:9)
  7 vampire mosquitoes
  A hell hound (Gauntlet)
  An acid dragon (D:12)
  2 ice beasts
  2 water moccasins
  A black bear (D:8)
  2 orc warriors
  A sky beast (D:6)
  An ogre (D:4)
  3 centaurs
  4 wolves (Gauntlet)
  A kobold brigand (D:10)
  2 bullfrogs (D:6)
  4 gnoll sergeants
  3 scorpions
  8 killer bees
  4 howler monkeys
  A bombardier beetle (D:5)
  A wyvern simulacrum (Gauntlet)
  A hound (D:3)
  3 orc priests
  2 jellies
  A sleepcap (D:6)
  Jessica (D:3)
  11 orc wizards
  9 gnolls
  7 adders
  4 ribbon worms
  A dart slug (D:4)
  18 orcs
  6 ball pythons
  5 endoplasms
  3 giant cockroaches
  9 goblins
  6 hobgoblins
  5 quokkas
  8 bats
  A frilled lizard (D:1)
  21 kobolds
  8 rats
211 creatures vanquished.

Vanquished Creatures (collateral kills)
  A two-headed ogre (D:11)
  A necromancer (Gauntlet)
  Joseph (D:7)
  An unseen horror (D:11)
  A komodo dragon (D:11)
  An efreet (Gauntlet)
  A slime creature (D:12)
  A wraith (D:12)
  A yak (D:11)
  2 fire elementals (Gauntlet)
  A vampire mosquito (D:10)
  An acid dragon (D:8)
  3 water moccasins
  2 hell hounds (Gauntlet)
  A sky beast (D:8)
  A black bear (D:8)
  3 orc warriors
  A wolf (Gauntlet)
  3 centaurs (D:11)
  A kobold brigand (D:8)
  A bullfrog (D:8)
  A scorpion (D:7)
  4 killer bees
  A howler monkey (D:8)
  A hound (D:7)
  4 orc priests
  4 orc wizards
  A boggart simulacrum (Gauntlet)
  7 gnolls
  An adder (D:5)
  A shadow imp (D:7)
  12 orcs
  5 kobolds
71 creatures vanquished.

Vanquished Creatures (others)
  A basilisk (D:9)
  9 battlemagi
  4 ancestors
14 creatures vanquished.

Grand Total: 296 creatures vanquished

Notes
Turn   | Place    | Note
-------+----------+-------------------------------------------
     0 | D:1      | LadyBoffin the Gargoyle Hunter began the quest for the Orb.
     0 | D:1      | Reached XP level 1. HP: 12/12 MP: 1/1
    74 | D:1      | Reached XP level 2. HP: 13/18 MP: 2/2
   211 | D:1      | Found Ureluobbu's Weapon Shoppe.
   460 | D:2      | Reached XP level 3. HP: 12/22 MP: 3/3
   924 | D:2      | Found a hide-covered altar of Uskayaw.
   976 | D:2      | Reached skill level 3 in Fighting
   976 | D:2      | Reached XP level 4. HP: 28/28 MP: 4/4
  1045 | D:2      | Found a faded altar of an unknown god.
  1250 | D:3      | Found a shadowy altar of Dithmenos.
  1285 | D:2      | Reached XP level 5. HP: 26/32 MP: 5/5
  1451 | D:3      | Noticed Jessica
  1560 | D:3      | Found a snail-covered altar of Cheibriados.
  1600 | D:3      | Found a bloodstained altar of Trog.
  1957 | D:3      | Found an opulent altar of Gozag.
  1999 | D:3      | Killed Jessica
  2122 | D:4      | Found a broken altar of Ashenzari.
  2234 | D:4      | Reached XP level 6. HP: 38/38 MP: 6/6
  2257 | D:4      | Found a staircase to the Ecumenical Temple.
  2265 | Temple   | Entered the Ecumenical Temple
  2271 | Temple   | Became a worshipper of Hepliaklqana the Forgotten
  2613 | D:1      | Bought a +2 arbalest of flaming for 281 gold pieces
  2831 | D:4      | Found a runed translucent gate.
  2832 | D:4      | Found a runed translucent gate.
  2832 | D:4      | Found a runed translucent gate.
  2837 | D:4      | Noticed terelglass's ghost (amateur DrSh)
  2893 | D:4      | Reached skill level 4 in Fighting
  2893 | D:4      | Reached skill level 5 in Ranged Weapons
  3420 | D:5      | Entered Level 5 of the Dungeon
  3428 | D:5      | Reached XP level 7. HP: 44/44 MP: 7/7
  3507 | D:5      | Reached * piety under Hepliaklqana
  3553 | D:5      | Found The Oracle's Delphic Readings.
  3564 | D:5      | Reached skill level 5 in Fighting
  4200 | D:6      | Reached XP level 8. HP: 45/45 MP: 8/8
  4205 | D:6      | Noticed Maggie
  4218 | D:6      | Killed Maggie
  4219 | D:6      | Reached skill level 6 in Fighting
  4404 | D:6      | Found Seplan's General Store.
  4621 | D:6      | Reached skill level 5 in Dodging
  4866 | D:6      | Reached skill level 7 in Fighting
  4945 | D:6      | Reached ** piety under Hepliaklqana
  4946 | D:6      | Remembered your ancestor Retniw as a battlemage
  5123 | D:6      | Reached XP level 9. HP: 51/51 MP: 9/9
  5249 | D:7      | Found an ancient bone altar of Kikubaaqudgha.
  5249 | D:7      | Found a hide-covered altar of Uskayaw.
  5319 | D:7      | Noticed Joseph
  5457 | D:7      | Killed Joseph
  5458 | D:7      | Reached skill level 8 in Fighting
  5536 | D:7      | Noticed Prince Ribbit
  5552 | D:7      | You fall into a shaft and drop 2 floors!
  5654 | D:9      | Found a staircase to the Orcish Mines.
  6044 | D:9      | Noticed a troll
  6046 | D:9      | Noticed an efreet
  6046 | D:9      | Noticed a deep elf pyromancer
  6048 | D:9      | Found a runed translucent door.
  6080 | D:9      | Found a runed translucent door.
  6080 | D:9      | Noticed a hornet
  6080 | D:9      | Noticed a centaur warrior
  6080 | D:9      | Noticed a meliai
  6081 | D:9      | Found a runed translucent door.
  6081 | D:9      | Noticed a two-headed ogre
  6082 | D:9      | Found a runed translucent door.
  6082 | D:9      | Noticed a hornet
  6082 | D:9      | Noticed a catoblepas
  6403 | D:9      | Reached XP level 10. HP: 58/58 MP: 10/10
  6484 | D:9      | Reached *** piety under Hepliaklqana
  6823 | D:10     | Entered Level 10 of the Dungeon
  6918 | D:10     | Noticed a two-headed ogre
  6926 | D:10     | Reached skill level 9 in Fighting
  6929 | D:10     | Killed a two-headed ogre
  7411 | D:10     | Reached **** piety under Hepliaklqana
  7600 | D:10     | Reached skill level 1 in Invocations
  7803 | D:11     | Got the Codex of Bombardment
  7975 | D:11     | Noticed a cyclops
  7979 | D:11     | Killed a cyclops
  7980 | D:11     | Reached skill level 10 in Fighting
  8060 | D:11     | Noticed a boulder beetle
  8060 | D:11     | Noticed a two-headed ogre
  8098 | D:11     | Killed a boulder beetle
  8099 | D:11     | Killed a two-headed ogre
  8100 | D:11     | Reached skill level 10 in Ranged Weapons
  8100 | D:11     | Reached XP level 11. HP: 50/65 MP: 11/13
  8193 | D:11     | Noticed Nergalle
  8197 | D:11     | Killed Nergalle
  8245 | D:11     | Noticed a two-headed ogre
  8248 | D:11     | Killed a two-headed ogre
  8596 | D:11     | Noticed a cyclops
  8600 | D:11     | Killed a cyclops
  9105 | D:11     | Reached skill level 11 in Fighting
  9118 | D:11     | Reached skill level 5 in Invocations
  9438 | D:8      | Reached ***** piety under Hepliaklqana
  9518 | D:8      | Noticed Psyche
  9527 | D:8      | Killed Psyche
  9672 | D:8      | Found Tugosh's Distillery.
  9684 | D:8      | Bought a potion of heal wounds for 65 gold pieces
  9827 | D:8      | Found a staircase to the Lair.
 10730 | D:12     | Noticed a boulder beetle
 10743 | D:12     | Killed a boulder beetle
 10744 | D:12     | Reached XP level 12. HP: 57/72 MP: 16/16
 10802 | D:12     | Noticed Josephine
 10809 | D:12     | Killed Josephine
 10897 | D:12     | Found a gate leading to a gauntlet.
 10909 | Gauntlet | Entered a Gauntlet
 10909 | Gauntlet | Found a transporter.
 10971 | Gauntlet | Found a transporter.
 10973 | Gauntlet | Found a transporter.
 10974 | Gauntlet | Found a transporter.
 10985 | Gauntlet | Found a transporter.
 10985 | Gauntlet | Found a transporter.
 10986 | Gauntlet | Found a transporter.
 10990 | Gauntlet | Found a runed translucent door.
 10990 | Gauntlet | Found a runed translucent door.
 10994 | Gauntlet | Found a transporter.
 10997 | Gauntlet | Found a transporter.
 10998 | Gauntlet | Found a transporter.
 11006 | Gauntlet | Found a transporter.
 11009 | Gauntlet | Found a transporter.
 11010 | Gauntlet | Found a transporter.
 11018 | Gauntlet | Found a transporter.
 11018 | Gauntlet | Noticed a balrug
 11211 | Gauntlet | Reached skill level 12 in Fighting
 11408 | Gauntlet | Identified the scarf of Ignis's Condemnation {+Inv, SInv}
 11425 | Gauntlet | Paralysed by an apocalypse crab for 1 turns
 11431 | Gauntlet | Identified the ring "Ymnoc" {Ice rCorr Str+4 Int+3}
 11453 | Gauntlet | Identified the ring of Vimiecli {Str+3 Int+6}
 11472 | Gauntlet | Noticed a minotaur
 11493 | Gauntlet | Slain by a minotaur

Illustrated notes

Levels and vault maps discovered:
D:1:      ncdulo_lavacross, layout_rooms, serial_shops, shop
D:2:      layout_rooms, shapermc_ecumenical_altar_mp_ritualfount, basic_altar
D:3:      layout_rooms, grunt_temple_overflow_open,
          mainiacjoe_overflow_alcove_1, grunt_dithmenos_smoke,
          minmay_gold_behind_fungi, uniq_jessica
D:4:      layout_basic, evilmike_ruin_ashenzari, minmay_temple_entry_overgrown,
          gammafunk_ghost_necromancy, minmay_tree_intersection,
          grunt_ministairs_10, hangedman_decor_growths
D:5:      layout_rooms, nicolae_nh_oracle_at_delphi
D:6:      layout_loops_corners, serial_shops, nicolae_shop_real_fake_doors,
          uniq_maggie
D:7:      minmay_razor_zed, layout_rooms, jmf_multi_god_temple,
          uniq_crazy_yiuf_cottage, uniq_joseph, uniq_prince_ribbit1
D:8:      layout_cave_pods, due_lair_maze_entry_diamond, serial_shops, shop,
          uniq_psyche
D:9:      minmay_the_grid_triangle_9x9_rhombus_full
          [minmay_the_grid_triangle_9x9_subtriangle,
          minmay_the_grid_triangle_9x9_stretched_checkered,
          minmay_the_grid_triangle_9x9_impossible_snake,
          minmay_the_grid_triangle_9x9_corruption,
          minmay_the_grid_triangle_9x9_fully_insulated_deathbox,
          minmay_the_grid_triangle_9x9_limited_checkers,
          minmay_the_grid_triangle_9x9_empty,
          minmay_the_grid_triangle_9x9_prize_center], layout_grid_maze,
          orc_0_dummy, minmay_misc_feat_pillars
D:10:     layout_stronghold
D:11:     layout_stronghold, uniq_nergalle
D:12:     layout_irregular_city, serial_glass, glass_columns_b, glass_columns_a,
          gauntlet_entry_generic, uniq_nessos, uniq_josephine
Temple:   hellmonk_temple_two_chambers
Gauntlet: gammafunk_gauntlet_77_escape_option
          [minmay_gauntlet_arena_77_tiled_triplets,
          minmay_gauntlet_arena_77_chump_sandwich,
          minmay_gauntlet_arena_77_shame_cube,
          minmay_gauntlet_arena_77_broken_ladder,
          minmay_gauntlet_arena_77_two_paths, gauntlet_exit_hidden_loot]

Skill      XL: |  1  2  3  4  5  6  7  8  9 10 11 12 |
---------------+-------------------------------------+-----
Dodging        | 2 3 4 5 6 7 8 9 |  9.4
Stealth        | 2 3 |  3.4
Fighting       | 3 4 5 7 8 10 11 12 | 12.2
Ranged Weapons | 5 6 7 8 10 11 | 11.7
Invocations    | 3 6 7 |  7.4

Action                     |  1- 3 |  4- 6 |  7- 9 | 10-12 || total
---------------------------+-------+-------+-------+-------++-------
   Fire: Shortbow          |   161 |   201 |       |       ||   362
         Arbalest          |       |    20 |   129 |   253 ||   402
 Invoke: Ancestor Life: Ba |       |       |     1 |       ||     1
         Ancestor Identity |       |       |     1 |       ||     1
         Recall Ancestor   |       |       |       |     1 ||     1
         Idealise          |       |       |       |     1 ||     1
    Use: Scroll            |     2 |     7 |    10 |     5 ||    24
         Potion            |       |     2 |       |     6 ||     8
 Armour: Leather armour    |    51 |    87 |    20 |       ||   158
         Steam dragon scal |       |       |       |    36 ||    36
         Acid dragon scale |       |       |       |    56 ||    56
  Dodge: Dodged            |    46 |   145 |    38 |   178 ||   407

Table legend: (Time is in decaauts)
 A = Elapsed time spent in this place.
 B = Non-inter-level travel time spent in this place.
 C = Inter-level travel time spent in this place.
 D = Time resting spent in this place.
 E = Time spent auto-exploring this place.
 F = Levels seen in this place.
 G = Mean time per level.
                   A        B        C        D        E       F      G
               +--------+--------+--------+--------+--------+-----+--------+
         Total |  11757 |  11067 |    690 |   1652 |   5032 |  14 |  839.8 |
       Dungeon |  11151 |  10461 |    690 |   1491 |   5026 |  12 |  929.2 |
        Temple |     12 |     12 |      0 |      0 |      0 |   1 |   12.0 |
      Gauntlet |    593 |    593 |      0 |    161 |      6 |   1 |  593.0 |
               +--------+--------+--------+--------+--------+-----+--------+

Top non-repeatable levels by time:
    D:11: 1500 daAuts
     D:9: 1381 daAuts
     D:4: 1279 daAuts
     D:8: 1211 daAuts
     D:6: 1207 daAuts
     D:2: 1033 daAuts
    D:10: 1012 daAuts
     D:3: 688 daAuts
     D:5: 655 daAuts
Gauntlet: 593 daAuts
     D:1: 479 daAuts
    D:12: 369 daAuts
     D:7: 332 daAuts
  Temple: 12 daAuts
